MLB
DETROIT TIGERS @ CLEVELAND GUARDIANS
03/05/2099
 
TOP OF THE 1ST
Detroit Tigers batting - Pitching for Cleveland Guardians : LHP Dale Tatem
Pitching: LHP Dale Tatem
Batting: LHB Tim Wilson 0-0: Foul Ball, location: 2F
0-1: Ball
1-1: Ball
2-1: SINGLE (Line Drive, 34D, EV 101.9 MPH)
Batting: RHB Steve Selmon 0-0: Ball
Tim Wilson steals 2nd base
1-0: SINGLE (Groundball, 15S, EV 71.9 MPH) (infield hit)
Tim Wilson to third
Batting: LHB Denny Marshall 0-0: Called Strike
0-1: Fielders Choice at 2nd, 4-6 (Groundball, 34, EV 82.5 MPH)
Tim Wilson scores
Batting: SHB Mike Knighten 0-0: Swinging Strike
0-1: Ball
1-1: Ball
2-1: 2-RUN HOME RUN (Flyball, 8LXD, EV 110.6 MPH), Distance : 444 ft
Batting: RHB Francisco Salto 0-0: Called Strike
0-1: Foul Ball, location: 3SF
0-2: Foul Ball, location: 2F
0-2: Ball
1-2: Ball
2-2: SOLO HOME RUN (Flyball, 89XD, EV 111.3 MPH), Distance : 432 ft
Batting: LHB Philip Clark 0-0: Called Strike
0-1: Ground out 5-3 (Groundball, 56S, EV 68.1 MPH)
Batting: RHB Allan Alessi 0-0: Ball
1-0: Ball
2-0: Foul Ball, location: 2F
2-1: Foul Ball, location: 5SF
2-2: SINGLE (Line Drive, 56D, EV 94.4 MPH)
Batting: RHB Carlos Fraire 0-0: Called Strike
0-1: Ball
1-1: Ball
2-1: Swinging Strike
2-2: Ball
3-2: Fly out, F9 (Flyball, 9D, EV 85.0 MPH)
Top of the 1st over - 4 runs, 5 hits, 0 errors, 1 left on base; Detroit 4 - Cleveland 0
BOTTOM OF THE 1ST
Cleveland Guardians batting - Pitching for Detroit Tigers : RHP Diego Garzon
Pitching: RHP Diego Garzon
Batting: RHB Chase Calhoun 0-0: Ball
1-0: Ground out 5-3 (Groundball, 56S, EV 68.1 MPH)
Batting: LHB Donny Liebler 0-0: Called Strike
0-1: Swinging Strike
0-2: Ball
1-2: Foul Ball, location: 3FF
1-2: Strikes out swinging
Batting: LHB Jonathan Setzler 0-0: Swinging Strike
0-1: Fly out, F9 (Line Drive, 9LS, EV 93.8 MPH)
Bottom of the 1st over - 0 runs, 0 hits, 0 errors, 0 left on base; Detroit 4 - Cleveland 0
TOP OF THE 2ND
Detroit Tigers batting - Pitching for Cleveland Guardians : LHP Dale Tatem
Batting: RHB Jake Henson 0-0: Called Strike
0-1: Foul Ball, location: 2F
0-2: Ball
1-2: Strikes out swinging
Batting: LHB Tim Wilson 0-0: Ball
1-0: Called Strike
1-1: Ball
2-1: Ball
3-1: Foul Ball, location: 5SF
3-2: Foul Ball, location: 2F
3-2: Foul Ball, location: 7LSF
3-2: DOUBLE (Line Drive, 5D, EV 101.9 MPH)
Batting: RHB Steve Selmon 0-0: Ball
1-0: Swinging Strike
1-1: Ball
2-1: Ball
3-1: Base on Balls
Batting: LHB Denny Marshall 0-0: Foul Ball, location: 5DF
0-1: Ball
1-1: Grounds into double play, 3-6-3 (Groundball, 34, EV 87.5 MPH)
Top of the 2nd over - 0 runs, 1 hit, 0 errors, 1 left on base; Detroit 4 - Cleveland 0
BOTTOM OF THE 2ND
Cleveland Guardians batting - Pitching for Detroit Tigers : RHP Diego Garzon
Batting: RHB Barry Nicholson 0-0: Swinging Strike
0-1: Swinging Strike
0-2: Strikes out swinging
Batting: LHB Matt Cleary 0-0: Ball
1-0: Ground out 6-3 (Groundball, 6, EV 105.6 MPH)
Batting: LHB Mel Soto 0-0: Swinging Strike
0-1: Ball
1-1: Ball
2-1: Fly out, F8 (Flyball, 89M, EV 93.1 MPH)
Bottom of the 2nd over - 0 runs, 0 hits, 0 errors, 0 left on base; Detroit 4 - Cleveland 0
TOP OF THE 3RD
Detroit Tigers batting - Pitching for Cleveland Guardians : LHP Dale Tatem
Batting: SHB Mike Knighten 0-0: Called Strike
0-1: Ball
1-1: Called Strike
1-2: Strikes out looking
Batting: RHB Francisco Salto 0-0: Swinging Strike
0-1: Ball
1-1: Swinging Strike
1-2: Ball
2-2: Strikes out swinging
Batting: LHB Philip Clark 0-0: Fly out, F8 (Flyball, 8LD, EV 108.8 MPH)
Top of the 3rd over - 0 runs, 0 hits, 0 errors, 0 left on base; Detroit 4 - Cleveland 0
BOTTOM OF THE 3RD
Cleveland Guardians batting - Pitching for Detroit Tigers : RHP Diego Garzon
Batting: LHB Dallas Ostrove 0-0: Swinging Strike
0-1: Called Strike
0-2: Foul Ball, location: 7LDF
0-2: Ball
1-2: Ball
2-2: Foul Ball, location: 9LMF
2-2: Ball
3-2: Fly out, F8 (Flyball, 8LS, EV 83.8 MPH)
Batting: RHB Chris Goacher 0-0: Called Strike
0-1: Ball
1-1: Foul Ball, location: 9LMF
1-2: Ball
2-2: Ball
3-2: Foul Ball, location: 9LMF
3-2: Ground out 6-3 (Groundball, 6, EV 81.3 MPH)
Batting: RHB Alex Avitia 0-0: Ball
1-0: Ball
2-0: Swinging Strike
2-1: Called Strike
2-2: Foul Ball, location: 2F
2-2: Ball
3-2: Strikes out swinging
Bottom of the 3rd over - 0 runs, 0 hits, 0 errors, 0 left on base; Detroit 4 - Cleveland 0
TOP OF THE 4TH
Detroit Tigers batting - Pitching for Cleveland Guardians : LHP Dale Tatem
Pitching: RHP Brian Pitts
Batting: RHB Allan Alessi 0-0: Foul Ball, location: 9LSF
0-1: Called Strike
0-2: Ground out 4-3 (Groundball, 4, EV 86.3 MPH)
Batting: RHB Carlos Fraire 0-0: Ball
1-0: Fly out, F7 (Flyball, 7, EV 91.3 MPH)
Batting: RHB Jake Henson 0-0: Called Strike
0-1: Ball
1-1: SINGLE (Line Drive, 9S, EV 90.6 MPH)
Pinch Hitting: LHB Chris Johnson 0-0: Ball
1-0: Ball
2-0: Ball
3-0: Called Strike
3-1: Called Strike
3-2: Ground out 4-3 (Groundball, 4, EV 90.6 MPH)
Top of the 4th over - 0 runs, 1 hit, 0 errors, 1 left on base; Detroit 4 - Cleveland 0
BOTTOM OF THE 4TH
Cleveland Guardians batting - Pitching for Detroit Tigers : RHP Diego Garzon
Now at 2B: Chris Johnson
Batting: RHB Chase Calhoun 0-0: Ball
1-0: Called Strike
1-1: Foul Ball, location: 9LSF
1-2: Foul Ball, location: 5DF
1-2: Ball
2-2: Ball
3-2: Base on Balls
Batting: LHB Donny Liebler 0-0: Swinging Strike
0-1: Grounds into double play, 2-6-3 (Groundball, 2R, EV 62.5 MPH)
Batting: LHB Jonathan Setzler 0-0: Ball
1-0: Foul Ball, location: 23F
1-1: Swinging Strike
1-2: Strikes out swinging
Bottom of the 4th over - 0 runs, 0 hits, 0 errors, 0 left on base; Detroit 4 - Cleveland 0
TOP OF THE 5TH
Detroit Tigers batting - Pitching for Cleveland Guardians : RHP Brian Pitts
Pitching: RHP Chris Quinlivan
Now at 3B: Tyler O'Brien
Now in RF: Victor Zavala
Batting: RHB Steve Selmon 0-0: Ball
1-0: Swinging Strike
1-1: Foul Ball, location: 25F
1-2: Ball
2-2: Foul Ball, location: 9LMF
2-2: Ball
3-2: Strikes out swinging
Pitching: RHP Jason Pettus
Batting: LHB Nick Penix 0-0: Called Strike
0-1: Swinging Strike
0-2: Ground out 4-3 (Groundball, 4, EV 87.5 MPH)
Batting: SHB Mike Knighten 0-0: Called Strike
0-1: Ball
1-1: Foul Ball, location: 2F
1-2: Strikes out swinging
Top of the 5th over - 0 runs, 0 hits, 0 errors, 0 left on base; Detroit 4 - Cleveland 0
BOTTOM OF THE 5TH
Cleveland Guardians batting - Pitching for Detroit Tigers : RHP Diego Garzon
Now at 1B: Oscar Torres
Batting: RHB Barry Nicholson 0-0: Called Strike
0-1: DOUBLE (Groundball, 5L, EV 100.6 MPH)
Batting: LHB Matt Cleary 0-0: Ball
1-0: Foul Ball, location: 3FF
1-1: Foul Ball, location: 23F
1-2: DOUBLE (Flyball, 89XD, EV 106.9 MPH)
Barry Nicholson scores
Batting: LHB Mel Soto 0-0: Ball
1-0: Called Strike
1-1: Ball
2-1: Swinging Strike
2-2: Strikes out swinging
Batting: LHB Dallas Ostrove 0-0: Foul Ball, location: 5F
0-1: Foul Ball, location: 7LDF
0-2: Strikes out swinging
Batting: RHB Chris Goacher 0-0: Swinging Strike
0-1: Fly out, F4 (Line Drive, 4, EV 70.6 MPH)
Bottom of the 5th over - 1 run, 2 hits, 0 errors, 1 left on base; Detroit 4 - Cleveland 1
TOP OF THE 6TH
Detroit Tigers batting - Pitching for Cleveland Guardians : RHP Jason Pettus
Now at 1B: Dave Encarnacion
Now in LF: Alex Avelar
Pinch Hitting: LHB Justin Kenworthy 0-0: Called Strike
0-1: Ball
1-1: Ball
2-1: Ground out 1-3 (Groundball, 13S, EV 75.6 MPH)
Batting: RHB Oscar Torres 0-0: Ball
1-0: Ball
2-0: Called Strike
2-1: Fly out, F8 (Flyball, 8LD, EV 98.8 MPH)
Pinch Hitting: RHB Donald Nohl 0-0: Called Strike
0-1: Swinging Strike
0-2: Ball
1-2: Foul Ball, location: 9LMF
1-2: Strikes out looking
Top of the 6th over - 0 runs, 0 hits, 0 errors, 0 left on base; Detroit 4 - Cleveland 1
BOTTOM OF THE 6TH
Cleveland Guardians batting - Pitching for Detroit Tigers : RHP Diego Garzon
Pitching: LHP Kevin Swanson
Now at 2B: Donald Nohl
Now at SS: Chris Johnson
Now in CF: Jason Schneider
Now in RF: Justin Kenworthy
Batting: RHB Alex Avitia 0-0: Called Strike
0-1: Foul Ball, location: 2F
0-2: Strikes out swinging
Pinch Hitting: LHB Nelson Preciado 0-0: Called Strike
0-1: Foul Ball, location: 7LMF
0-2: Foul Ball, location: 3F
0-2: Ball
1-2: Ball
2-2: Foul Ball, location: 2F
2-2: Fly out, F7 (Flyball, 7, EV 93.8 MPH)
Batting: LHB Victor Zavala 0-0: Ball
1-0: Ball
2-0: Called Strike
2-1: Ball
3-1: Fly out, F8 (Line Drive, 8LD, EV 102.5 MPH)
Bottom of the 6th over - 0 runs, 0 hits, 0 errors, 0 left on base; Detroit 4 - Cleveland 1
TOP OF THE 7TH
Detroit Tigers batting - Pitching for Cleveland Guardians : RHP Jason Pettus
Now at SS: Bill Meller
Now in CF: Nelson Preciado
Batting: RHB Carlos Fraire 0-0: Ball
1-0: Ball
2-0: Ball
3-0: Called Strike
3-1: Base on Balls
Batting: LHB Jason Schneider 0-0: Called Strike
0-1: Ball
1-1: Ball
2-1: Swinging Strike
2-2: Strikes out swinging
Batting: LHB Chris Johnson 0-0: Called Strike
0-1: Ball
1-1: Ball
2-1: Ball
3-1: Base on Balls
Carlos Fraire to second
Pitching: RHP Garrett Everett
Pinch Hitting: RHB Edgar Navarrete 0-0: Called Strike
0-1: TRIPLE (Line Drive, 78XD, EV 107.5 MPH)
Carlos Fraire scores
Chris Johnson scores
Batting: LHB Nick Penix 0-0: SINGLE (Flyball, 5D, EV 88.8 MPH)
Edgar Navarrete scores
Pinch Hitting: LHB John Castaneda 0-0: Ball
1-0: Called Strike
1-1: Reached on error, E6 (Groundball, 6M, EV 106.9 MPH)
Nick Penix to second
Batting: LHB Justin Kenworthy 0-0: Called Strike
0-1: Foul Ball, location: 2RF
0-2: Foul Ball, location: 7LMF
0-2: Ball
1-2: Ball
2-2: Hit by Pitch
Nick Penix to third
John Castaneda to second
Batting: RHB Oscar Torres 0-0: Foul Ball, location: 23F
0-1: Called Strike
0-2: Hit by Pitch
Nick Penix scores
John Castaneda to third
Justin Kenworthy to second
Batting: RHB Donald Nohl 0-0: Fly out, F4 (Popup, 13, EV 77.5 MPH)
Batting: RHB Carlos Fraire 0-0: Ball
1-0: Foul Ball, location: 9LDF
1-1: Ball
2-1: Fly out, F7 (Flyball, 7, EV 94.4 MPH)
Top of the 7th over - 4 runs, 2 hits, 1 error, 3 left on base; Detroit 8 - Cleveland 1
BOTTOM OF THE 7TH
Cleveland Guardians batting - Pitching for Detroit Tigers : LHP Kevin Swanson
Pitching: RHP John Griffith
Now at 2B: John Castaneda
Now at 3B: Donald Nohl
Now in LF: Edgar Navarrete
Pinch Hitting: RHB Gregorio Gonzalez 0-0: Called Strike
0-1: Ball
1-1: Swinging Strike
1-2: Ball
2-2: Ball
3-2: Ground out 5-3 (Groundball, 56S, EV 80.6 MPH)
Pinch Hitting: RHB Mike Maddy 0-0: Ball
1-0: Ball
2-0: Called Strike
2-1: Ball
3-1: Foul Ball, location: 7LMF
3-2: Base on Balls
Batting: RHB Alex Avelar 0-0: Ball
1-0: Called Strike
1-1: Swinging Strike
1-2: Ball
2-2: Strikes out looking
Batting: RHB Rogelio Cosme 0-0: Ball
1-0: Called Strike
1-1: Foul Ball, location: 9LDF
1-2: Strikes out swinging
Bottom of the 7th over - 0 runs, 0 hits, 0 errors, 1 left on base; Detroit 8 - Cleveland 1
TOP OF THE 8TH
Detroit Tigers batting - Pitching for Cleveland Guardians : RHP Garrett Everett
Now at 1B: Chris Hubert
Now at 3B: Gregorio Gonzalez
Batting: LHB Jason Schneider 0-0: Ball
1-0: Ball
2-0: SOLO HOME RUN (Line Drive, 89XD, EV 110.6 MPH), Distance : 442 ft
Batting: LHB Chris Johnson 0-0: Ball
1-0: Ball
2-0: Ground out U3 (Groundball, 34S, EV 83.1 MPH)
Batting: RHB Edgar Navarrete 0-0: Called Strike
0-1: Foul Ball, location: 3FF
0-2: Ball
1-2: Strikes out swinging
Batting: LHB Jose Camacho 0-0: Ball
1-0: Ball
2-0: Called Strike
2-1: Fly out, F9 (Flyball, 9LD, EV 95.0 MPH)
Top of the 8th over - 1 run, 1 hit, 0 errors, 0 left on base; Detroit 9 - Cleveland 1
BOTTOM OF THE 8TH
Cleveland Guardians batting - Pitching for Detroit Tigers : RHP John Griffith
Pitching: RHP John Young
Batting: LHB Dallas Ostrove 0-0: Ball
1-0: Foul Ball, location: 7LSF
1-1: Foul Ball, location: 2F
1-2: Ball
2-2: Strikes out swinging
Pinch Hitting: RHB Matt Wescoat 0-0: Swinging Strike
0-1: Ball
1-1: Ground out 4-3 (Groundball, 13, EV 86.3 MPH)
Pinch Hitting: RHB Mike Barrett 0-0: Called Strike
0-1: Called Strike
0-2: Foul Ball, location: 9LSF
0-2: Ground out 5-3 (Groundball, 5, EV 85.6 MPH)
Bottom of the 8th over - 0 runs, 0 hits, 0 errors, 0 left on base; Detroit 9 - Cleveland 1
TOP OF THE 9TH
Detroit Tigers batting - Pitching for Cleveland Guardians : RHP Garrett Everett
Pitching: RHP Ben Sweet
Now at 1B: Mike Barrett
Now at 2B: Matt Wescoat
Now at SS: Chris Hubert
Batting: LHB John Castaneda 0-0: Called Strike
0-1: Swinging Strike
0-2: Ball
1-2: Fly out, F6 (Popup, 6M, EV 52.5 MPH)
Batting: LHB Justin Kenworthy 0-0: Foul Ball, location: 5FF
0-1: Fly out, F9 (Flyball, 89M, EV 94.4 MPH)
Pinch Hitting: SHB Brian Shepherd 0-0: Ground out 6-3 (Groundball, 6, EV 82.5 MPH)
Top of the 9th over - 0 runs, 0 hits, 0 errors, 0 left on base; Detroit 9 - Cleveland 1
BOTTOM OF THE 9TH
Cleveland Guardians batting - Pitching for Detroit Tigers : RHP John Young
Pitching: LHP Bryan Curry
Now at 1B: Brian Shepherd
Batting: LHB Nelson Preciado 0-0: Called Strike
0-1: Fly out, F8 (Flyball, 78D, EV 96.3 MPH)
Pinch Hitting: RHB Ciro Visconti 0-0: Ball
1-0: Swinging Strike
1-1: Ball
2-1: Hit by Pitch
Pinch Runner at 1st Harrison DeLoach:
Pinch Hitting: LHB Jeff O'Dell 0-0: Ball
1-0: Foul Ball, location: 2F
1-1: Ball
2-1: Ground out 3-1 (Groundball, 34S, EV 63.8 MPH)
Harrison DeLoach to second
Pinch Hitting: RHB Beau Gilland 0-0: Foul Ball, location: 25F
0-1: Swinging Strike
0-2: Ball
1-2: Ball
2-2: Foul Ball, location: 9LSF
2-2: Ball
3-2: Foul Ball, location: 9LSF
3-2: Base on Balls
Batting: RHB Alex Avelar 0-0: Called Strike
0-1: Called Strike
0-2: Ball
1-2: Ball
2-2: Foul Ball, location: 2F
2-2: Ball
3-2: Strikes out looking
Bottom of the 9th over - 0 runs, 0 hits, 0 errors, 2 left on base; Detroit 9 - Cleveland 1
Monday, April 29th , 2024 - OOTP Baseball 24.11 Build 85